 Dungeon Crawl Stone Soup version 0.29.0-4-gdea44cf6ec (webtiles) character file.

Game seed: 9448467354251583075

17 qw the Chopper (level 2, -3/17 HPs)
             Began as a Tengu Warper on Aug 28, 2022.
             Slain by Sigmund
             ... wielding a +0 scythe
              (7 damage)
             ... on level 2 of the Dungeon.
             The game lasted 00:00:04 (1189 turns).

qw the Chopper (Tengu Warper)                       Turns: 1189, Time: 00:00:05

Health: -3/17      AC:  6    Str: 11    XL:     2   Next: 62%
Magic:  6/6        EV:  9    Int: 13    God:
Gold:   86         SH:  0    Dex: 13    Spells: 5/5 levels left

rFire   . . .      SeeInvis .   Y - +0 hand axe
rCold   . . .      Faith    .   (no shield)
rNeg    . . .      Spirit   .   e - +0 scale mail
rPois   .          Reflect  .   (helmet restricted)
rElec   .          Harm     .   (no cloak)
rCorr   .          Rampage  .   (no gloves)
Will    .....                   (boots unavailable)
Stlth   ..........              (no amulet)
HPRegen 0.05/turn               (no ring)
MPRegen 0.10/turn               (no ring)

@: no status effects
A: beak, talons 3
a: no special abilities


You were on level 2 of the Dungeon.
You visited 1 branch of the dungeon, and saw 2 of its levels.

You collected 86 gold pieces.


Innate Abilities, Weirdness & Mutations

You have a beak for a mouth.
You have claws for feet.


   Skills:
 - Level 2.0 Fighting
 + Level 3.4 Axes
 - Level 1.0 Throwing
 - Level 1.1 Armour
 - Level 2.1 Dodging
 - Level 2.0 Spellcasting
 - Level 2.4 Translocations


You had 5 spell levels left.
You didn't know any spells.
Your spell library contained the following spells:

 Spells                   Type           Power      Damage    Failure   Level
 Blink                    Tloc           14%        N/A       65%         2
 Gell's Gravitas          Tloc           7%         N/A       86%         3
 Lesser Beckoning         Tloc           7%         N/A       86%         3
 Teleport Other           Tloc           7%         N/A       86%         3
 Manifold Assault         Tloc           7%         N/A       100%        5

Inventory:

Hand Weapons
 Y - a +0 hand axe (weapon)
Armour
 e - a +0 scale mail (worn)
Scrolls
 i - a scroll of identify
Potions
 d - 2 potions of brilliance {unknown}
 g - a potion of berserk rage {unknown}

Dungeon Overview and Level Annotations

Branches:
Dungeon (2/15)

Altars:

Annotations:
D:2 Sigmund


Message History

(2) D:1 Assign waypoint to what number? (0-9, D - delete waypoint) Waypoint 1 assigned to D:2.
Found a book of Air.
You see here the +7 spear of Dyff {holy, rElec rC++ Will+ Str-4}.
A worm comes into view.
Found a dark potion.
You hit the worm but do no damage. You hit the worm. You claw the worm.
The worm is lightly wounded.
The worm bites you!
You hit the worm but do no damage.
The worm is lightly wounded.
The worm bites you.
You hit the worm. You claw the worm.
The worm is moderately wounded.
You hit the worm. You peck the worm.
The worm is heavily wounded.
The worm barely misses you.
You hit the worm but do no damage. Your kick misses the worm.
The worm is heavily wounded.
The worm bites you.
You hit the worm. You punch the worm.
The worm is almost dead.
You hit the worm.
You kill the worm!
You start resting.
HP restored.
d - 2 dark potions (gained 1) Sigmund the Dreaded comes into view.
He is wielding a +0 scythe and wearing a +0 robe of willpower.
Sigmund shouts!
Sigmund casts a spell at you. The magic dart hits you!
1186 ||| Stepping ~*~*~tactically~*~*~ (hiding).
Sigmund hits you from afar with a +0 scythe.
A frilled lizard comes into view.
You closely miss Sigmund. Your kick misses Sigmund.
Sigmund screams, "I am the angel of ZOT!!!"
Sigmund hits you with a +0 scythe!
You die...

.. ###### #.## # # ....
...# ..#.####l####..#
#.........@@...#
#.........####.#
.............#.#
####.#.#.##....# ######
#
#.#.##..#.####....####
..#.#...#.............
##.#.#...###.##<...##..
#.#.#........#.#......
#.#.#..##.#.)..#.###..


You could see Sigmund and a frilled lizard.

Vanquished Creatures
  A worm (D:2)
  3 ball pythons (D:1)
  A bat (D:1)
  An endoplasm (D:1)
  A giant cockroach (D:1)
  A goblin (D:1)
  A hobgoblin (D:1)
  A kobold (D:1)
  2 frilled lizards (D:1)
12 creatures vanquished.

Notes
Turn   | Place    | Note
-------+----------+-------------------------------------------
     0 | D:1      | qw the Tengu Warper began the quest for the Orb.
     0 | D:1      | Reached XP level 1. HP: 12/12 MP: 4/4
     0 | D:1      | 0 ||| qw: Version: 0.1-a-89-g26bdef1
     0 | D:1      | 0 ||| qw: Game counter: 407
     0 | D:1      | 0 ||| qw: Always use a shield: true
     0 | D:1      | 0 ||| qw: God list: Okawaru
     0 | D:1      | 0 ||| qw: Allow faded altars: false
     0 | D:1      | 0 ||| qw: Do Orc after D:15 true
     0 | D:1      | 0 ||| qw: Do second Lair branch before Depths: true
     0 | D:1      | 0 ||| qw: Lair rune preference: random
     0 | D:1      | 0 ||| qw: Plans: Normal
     0 | D:1      | 0 ||| PLANNING D:1-11
   268 | D:1      | Reached XP level 2. HP: 17/17 MP: 6/6
   328 | D:1      | Reached skill level 3 in Axes
   648 | D:1      | Found a faded altar of an unknown god.
   798 | D:1      | 798 ||| UPGRADING to +0 scale mail.
   808 | D:1      | 808 ||| DROPPING +0 leather armour.
   809 | D:1      | 809 ||| READING scroll labelled XORIR JATHRAL.
   814 | D:1      | 814 ||| READING scroll labelled XOPSA VYGITS.
   815 | D:1      | 815 ||| READING 2 scrolls labelled AHETWI RYBERCH.
   816 | D:1      | 816 ||| READING scroll labelled JIUWIKL KUWNU.
   817 | D:1      | 817 ||| DROPPING scroll of blinking.
   856 | D:2      | Identified the +7 spear of Dyff {holy, rElec rC++ Will+
                  | Str-4}
   875 | D:2      | HP: 1/17 [worm (6)]
  1185 | D:2      | Noticed Sigmund
  1186 | D:2      | 1186 ||| Stepping ~*~*~tactically~*~*~ (hiding).
  1187 | D:2      | HP: 4/17 [Sigmund/+0 scythe (5)]
  1189 | D:2      | Slain by Sigmund

Levels and vault maps discovered:
D:1:      psy_arrival_conway, layout_basic,
          shapermc_ecumenical_altar_mp_highgroup
D:2:      layout_basic, uniq_sigmund

Skill      XL: |  1  2 |
---------------+-------+-----
Axes           | 3 |  3.4
Fighting       | |  2.0
Throwing       | |  1.0
Armour         | |  1.1
Dodging        | |  2.1
Spellcasting   | |  2.0
Translocations | |  2.4

Action                   || total
-------------------------++-------
Melee: Hand axe          ||    26
       Kick              ||     5
       Peck              ||     3
       Punch             ||     1
Throw: Boomerang         ||     7
  Use: Scroll            ||     4
Armor: Leather armour    ||     3
Dodge: Dodged            ||    12

Table legend:
 A = Non-vault XP
 B = Vault XP
 C = Vault XP percentage of total XP
 D = Non-vault monster count
 E = Vault monster count
 F = Vault count percentage of total count
                 A         B        C        D         E       F
            +---------+---------+-------+---------+---------+-------
      Total |      25 |       0 |   0.0 |      12 |       0 |   0.0
            +---------+---------+-------+---------+---------+-------
        D:1 |      20 |       0 |   0.0 |      11 |       0 |   0.0
        D:2 |       5 |       0 |   0.0 |       1 |       0 |   0.0
            +---------+---------+-------+---------+---------+-------
